 Dungeon Sprint DCSS version 0.23.2-40-g277498a001 (webtiles) character file.

Game seed: 16194627429717006759

3432 Kniotic the Destroyer (level 9, -16/79 HPs)
             Began as a Demigod Conjurer on Sept 25, 2019.
             Killed from afar by a deep elf knight (34 damage)
             ... with a shard of ice
             ... in the Dungeon (Sprint V: "Ziggurat Sprint").
             The game lasted 00:06:52 (1236 turns).

Kniotic the Destroyer (Demigod Conjurer)            Turns: 1236, Time: 00:06:53

Health: -16/79     AC:  2    Str: 11    XL:     9   Next: 48%
Magic:  8/34       EV: 17    Int: 43    God:
Gold:   0          SH:  0    Dex: 16    Spells: 21/30 levels left

rFire    . . .     SeeInvis .   D - +6 Majin-Bo {vamp, Archmagi MP+6 Int+6}
rCold    . . .     Gourm    .   (shield currently unavailable)
rNeg     . . .     Faith    .   a - +0 robe
rPois    .         Spirit   .   (no helmet)
rElec    .         Reflect  .   (no cloak)
rCorr    .         Harm     .   (no gloves)
MR       .....     NoTele   +   (no boots)
Stlth    ++........             (no amulet)
HPRegen  0.23/turn              z - +6 ring of intelligence
MPRegen  0.24/turn              A - +6 ring of intelligence

@: no status effects
A: high mp 1
a: no special abilities


You were in the Dungeon.
You were not hungry.

You visited 1 branch

Inventory:

Hand Weapons
 D - the +6 Majin-Bo (weapon) {vamp, Archmagi MP+6 Int+6}
   (You found it in the Dungeon)

   It inflicts no extra harm, but heals its wielder when it wounds a living foe.
   It affects your intelligence (+6).
   It affects your magic capacity (+6).
Armour
 a - a +0 robe (worn)
Jewellery
 x - a +6 ring of dexterity
 y - a +6 ring of dexterity
 z - a +6 ring of intelligence (left hand)
 A - a +6 ring of intelligence (right hand)
 B - a +6 ring of strength
 C - a +6 ring of strength
 E - an uncursed ring of protection from cold
 F - an uncursed ring of positive energy
Wands
 u - a wand of disintegration (7)
 v - a wand of iceblast (7)
 w - a wand of acid (7)
Scrolls
 i - 4 scrolls of blinking
 o - 4 scrolls of amnesia
 p - 7 scrolls of fog
 q - a scroll of holy word
 r - 5 scrolls of identify
 s - 5 scrolls of remove curse
 t - 2 scrolls of fear
Potions
 b - 2 potions of brilliance
 d - 10 potions of curing
 e - 9 potions of heal wounds
 f - 6 potions of haste
 g - 7 potions of magic
 h - 3 potions of berserk rage
 j - 2 potions of invisibility
 k - 4 potions of resistance
 m - 5 potions of agility
 n - 5 potions of might
Comestibles
 c - 6 rations


   Skills:
 + Level 7.3 Fighting
 + Level 7.6 Dodging
 - Level 1.7 Stealth
 + Level 11.4 Spellcasting
 + Level 12.7 Conjurations
 - Level 5.0 Hexes


You had 21 spell levels left.
You knew the following spells:

 Your Spells              Type           Power        Failure   Level  Hunger
a - Magic Dart            Conj           ####         0%          1    None
b - Iskenderun's Mystic   Conj           ########     1%          4    None
c - Fulminant Prism       Conj/Hex       ########..   1%          4    None

Your spell library contained the following spells:

 Spells                   Type           Power        Failure   Level  Hunger
 Searing Ray              Conj           ######       0%          2    None
 Shock                    Conj/Air       ####         1%          1    None
 Dazzling Spray           Conj/Hex       ######       1%          3    None
 Force Lance              Conj/Tloc      #######.     1%          4    None
 Irradiate                Conj/Tmut      #######...   2%          5    None
 Freezing Cloud           Conj/Ice/Air   #######...   32%         6    ##.....
 Deflect Missiles         Chrm/Air       #####.....   88%         6    ##.....
 Hydra Form               Tmut           #####.....   88%         6    ##.....
 Statue Form              Tmut/Erth      #####....    88%         6    ##.....
 Dragon Form              Tmut           #####.....   100%        7    #####..


Dungeon Overview and Level Annotations

Branches:
Dungeon (1/1)


Innate Abilities, Weirdness & Mutations

You have an increased reservoir of magic. (+10% MP)


Message History

Press: ? - help, Dir - move target cursor, p - vault guard You feel a surge of power!
You conjure a prism of explosive energy!
The vault guard hits you with a +5 executioner's axe of chopping!
Casting: Fulminant Prism (safe; 1% risk of failure)
Confirm with . or Enter, or press ? or * to list all spells.
Aiming: Iskenderun's Mystic Blast (safe; 1% risk of failure)
Press: ? - help, Shift-Dir - straight line, f - fulminant prism
Aim: a fulminant prism (friendly)
You feel a surge of power!
Really fire in your fulminant prism's direction?
The orb of energy hits the vault guard!!
The vault guard is heavily wounded.
The orb of energy explodes!
The mystic blast hits the vault guard!!
The vault guard is almost dead.
The vault guard hits you with a +5 executioner's axe of chopping!!
* * * LOW HITPOINT WARNING * * *
x2 The deep elf knight casts a spell at you.
The shard of ice hits you!!
You die...

▓..[}...▓
▓..):...▓
▓.......▓
▓...))..▓
▓.*.....▓
...)...
▓.▓ppe▓.▓
▓...@...▓
▓▓▓▓▓▓▓▓▓


You could see 2 vault guards, a deep elf knight and a friendly fulminant prism.

Vanquished Creatures
  2 vault guards (D)
  A yaktaur (D)
  A yak (D)
  A spriggan (D)
  A black bear (D)
  A necrophage (D)
  4 starcursed masses (D)
  2 wolves (D)
  2 phantoms (D)
  2 scorpions (D)
  An iron imp (D)
  An iguana (D)
  2 orc wizards (D)
  A river rat (D)
  2 shadow imps (D)
  2 ufetubi (D)
  3 orcs (D)
  A quokka zombie (D)
30 creatures vanquished.

Vanquished Creatures (others)
  A spatial maelstrom (D)
  14 fulminant prisms (D)
15 creatures vanquished.

Grand Total: 45 creatures vanquished

Notes
Turn   | Place    | Note
-------+----------+-------------------------------------------
     0 | D        | Found the +6 Majin-Bo {vamp, Archmagi MP+6 Int+6}
     0 | D        | Found the +7 great mace "Firestarter" {inner flame, rF++}
     0 | D        | Kniotic the Demigod Conjurer began the quest for the Orb.
     0 | D        | Reached XP level 1. HP: 14/14 MP: 5/5
     0 | D        | Found a deep blue altar of Sif Muna.
     0 | D        | Found a sacrificial altar of Ru.
     0 | D        | Found a bloodstained altar of Trog.
     0 | D        | Found a stormy altar of Qazlal.
     0 | D        | Found an iron altar of Okawaru.
     0 | D        | Found a sparkling altar of Nemelex Xobeh.
     0 | D        | Found a blossoming altar of Fedhas.
     2 | D        | Found a transporter.
     2 | D        | Found an ancient bone altar of Kikubaaqudgha.
     2 | D        | Found a viscous altar of Jiyva.
     2 | D        | Found a corrupted altar of Lugonu.
     2 | D        | Found a hazy altar of Hepliaklqana.
     2 | D        | Found a burning altar of Makhleb.
     2 | D        | Found an opulent altar of Gozag.
    10 | D        | Banished a spatial maelstrom
    17 | D        | Found the +9 heavy crossbow "Sniper" {velocity, Acc+∞ SInv}
    17 | D        | Found the +10 dark maul {crush}
    17 | D        | Found the +15 Maxwell's patent armour {-Cast -Tele rElec
                  | MR+ rCorr}
    17 | D        | Found the +18 shield of the Gong {rElec rN+ MR+ EV-5}
    17 | D        | Found the cursed +14 obsidian axe {chop, +Fly SInv *Curse}
    18 | D        | Found the +6 shillelagh "Devastator" {shatter}
    18 | D        | Found the +11 plutonium sword {*Contam Stlth-}
    18 | D        | Found the +8 lance "Wyrmbane" {slay drac, rPois rF+ rC+
                  | AC+3}
    18 | D        | Found the +9 sword of Zonguldrok {reap}
    18 | D        | Found the cursed +13 scythe of Curses {drain, *Curse}
    18 | D        | Found the +0 sword of Power
    18 | D        | Found the +7 mace of Variability {chain chaos}
    18 | D        | Found the +7 Singing Sword {slice, sonic wave}
    18 | D        | Found the +7 longbow "Piercer" {penet, EV-2}
   114 | D        | Reached skill level 6 in Conjurations
   114 | D        | Reached XP level 2. HP: 20/20 MP: 10/10
   127 | D        | Entered arena 2.
   127 | D        | Noticed a scorpion
   127 | D        | Noticed a scorpion
   127 | D        | Found a transporter.
   133 | D        | Killed a scorpion
   133 | D        | Reached skill level 5 in Spellcasting
   133 | D        | Reached XP level 3. HP: 15/26 MP: 8/13
   144 | D        | Killed a scorpion
   144 | D        | Reached skill level 7 in Conjurations
   144 | D        | Reached XP level 4. HP: 13/33 MP: 1/15
   446 | D        | Learned a level 4 spell: Fulminant Prism
   451 | D        | Learned a level 4 spell: Iskenderun's Mystic Blast
   452 | D        | Entered arena 3.
   452 | D        | Noticed a yak
   452 | D        | Found a transporter.
   456 | D        | Reached skill level 8 in Conjurations
   456 | D        | Killed a yak
   456 | D        | Reached skill level 9 in Conjurations
   456 | D        | Reached XP level 5. HP: 29/38 MP: 14/19
   530 | D        | Entered arena 4.
   530 | D        | Noticed a phantom
   530 | D        | Noticed a phantom
   530 | D        | Noticed a necrophage
   530 | D        | Found a transporter.
   533 | D        | Killed a necrophage
   533 | D        | Reached skill level 10 in Conjurations
   533 | D        | Reached XP level 6. HP: 35/45 MP: 17/21
   633 | D        | Entered arena 5.
   633 | D        | Noticed a spriggan
   633 | D        | Found a transporter.
   636 | D        | Killed a spriggan
   636 | D        | Reached skill level 10 in Spellcasting
   636 | D        | Reached skill level 11 in Conjurations
   636 | D        | Reached XP level 7. HP: 25/50 MP: 21/24
   936 | D        | Got the Reference Book on Air and Moulding
   941 | D        | Entered arena 6.
   941 | D        | Found a transporter.
   944 | D        | Reached skill level 1 in Fighting
   944 | D        | Reached skill level 1 in Hexes
  1012 | D        | Entered arena 7.
  1012 | D        | Noticed a starcursed mass
  1013 | D        | Found the +8 trident of the Octopus King {venom, rElec
                  | rPois MR+}
  1016 | D        | Killed a starcursed mass
  1018 | D        | Killed a starcursed mass
  1019 | D        | Killed a starcursed mass
  1019 | D        | Reached XP level 8. HP: 38/66 MP: 13/26
  1020 | D        | Killed a starcursed mass
  1020 | D        | Reached skill level 5 in Fighting
  1020 | D        | Reached skill level 5 in Dodging
  1020 | D        | Reached skill level 5 in Hexes
  1021 | D        | Found a transporter.
  1229 | D        | Entered arena 8.
  1229 | D        | Noticed a deep elf knight
  1229 | D        | Noticed a vault guard
  1229 | D        | Noticed a vault guard
  1229 | D        | Noticed a vault guard
  1229 | D        | Noticed a yaktaur
  1229 | D        | Noticed a vault guard
  1230 | D        | Identified the ring of Heovvask {rPois MP+9 Dex-2 Slay+5
                  | SInv}
  1232 | D        | Killed a yaktaur
  1234 | D        | Killed a vault guard
  1234 | D        | Reached skill level 12 in Conjurations
  1234 | D        | Reached XP level 9. HP: 65/78 MP: 15/28
  1234 | D        | Killed a vault guard
  1236 | D        | Killed from afar by a deep elf knight

Skill      XL: |  1  2  3  4  5  6  7  8  9 |
---------------+----------------------------+-----
Spellcasting   | 4 5 6 8 10 11 | 11.4
Conjurations   | 6 7 9 10 11 12 | 12.7
Dodging        | 4 7 |  7.6
Fighting       | 4 6 7 |  7.3
Hexes          | 4 5 |  5.0
Stealth        | |  1.7

Action                   |  1- 3 |  4- 6 |  7- 9 || total
-------------------------+-------+-------+-------++-------
Melee: Quarterstaff      |     1 |       |       ||     1
 Cast: Magic Dart        |    15 |     1 |     4 ||    20
       Fulminant Prism   |       |     6 |     9 ||    15
       Iskenderun's Myst |       |     2 |     7 ||     9
  Use: Potion            |     2 |       |       ||     2
  Eat: Ration            |     1 |       |       ||     1
       Chunk             |       |       |     2 ||     2
Armor: Robe              |     2 |       |       ||     2
Dodge: Dodged            |    11 |     3 |     3 ||    17
